 Seeded DCSS version 0.29.1-12-g30fa7ad0bf (webtiles) character file.

Game seed: 9296762951556685199 (custom seed)

25 hikkokomori the Conjurer (level 3, 21/21 HPs)
             Began as an Octopode Conjurer on Jan 11, 2023.
             Quit the game on level 1 of the Dungeon.
             The game lasted 00:01:11 (1152 turns).

hikkokomori the Conjurer (Octopode Conjurer)        Turns: 1152, Time: 00:01:12

Health: 21/21      AC:  1    Str:  6    XL:     3   Next: 6%
Magic:  7/7        EV: 13    Int: 22    God:
Gold:   41         SH:  0    Dex: 10    Spells: 6/7 levels left

rFire   . . .      SeeInvis .   (no weapon)
rCold   . . .      Faith    .   (no shield)
rNeg    . . .      Spirit   .   (helmet restricted)
rPois   .          Reflect  .   (no amulet)
rElec   .          Harm     .   (no ring)
rCorr   .          Rampage  .   (no ring)
Will    .....                   (no ring)
Stlth   ++++......              (no ring)
HPRegen 0.07/turn               (no ring)
MPRegen 0.10/turn               (no ring)
                                (no ring)
                                (no ring)

@: no status effects
A: almost no armour, amphibious, 8 rings, camouflage 1, gelatinous body 1,
nimble swimmer 1, tentacles
a: no special abilities


You were on level 1 of the Dungeon.
You visited 1 branch of the dungeon, and saw 1 of its levels.

You collected 41 gold pieces.

Inventory:

Jewellery
 b - a +6 ring of dexterity
 c - a ring of flight
 f - an amulet of guardian spirit
Scrolls
 e - a scroll of identify {unknown}
 h - a scroll of fear {unknown}
 i - a scroll of amnesia {unknown}
Potions
 a - a potion of magic
 d - a potion of haste {unknown}
 g - a potion of curing {unknown}


   Skills:
 - Level 2.0 Dodging
 - Level 2.6 Stealth
 + Level 2.6 Spellcasting
 + Level 4.4 Conjurations


You had 6 spell levels left.
You knew the following spells:

 Your Spells              Type           Power      Damage    Failure   Level
a - Magic Dart            Conj           88%        1d7       1%          1

Your spell library contained the following spells:

 Spells                   Type           Power      Damage    Failure   Level
 Searing Ray              Conj           44%        2d6       3%          2
 Dazzling Flash           Conj/Hex       24%        N/A       16%         3
 Fulminant Prism          Conj/Hex       6%         3d7       45%         4
 Iskenderun's Mystic Bla  Conj/Tloc      12%        2d5       45%         4


Dungeon Overview and Level Annotations

Branches:
Dungeon (1/15)

Altars:


Innate Abilities, Weirdness & Mutations

You cannot wear most types of armour.
You are amphibious.
You can wear up to eight rings at the same time.
Your skin changes colour to match your surroundings (Stealth+).
Your rubbery body absorbs attacks. (AC +1, EV +1)
You are camouflaged when in or above water. (Stealth+)
You have tentacles for arms and can constrict up to eight enemies at once.


Message History

Found a robe.
A rat comes into view.
A rat is nearby!
A rat is nearby!
The magic dart hits the rat.
The rat is severely wounded.
A quokka comes into view.
The magic dart hits the rat.
You kill the rat!
The magic dart hits the quokka.
The quokka is severely wounded.
The magic dart hits the quokka.
You kill the quokka!
h - a scroll labelled LUVIXU LACIKIE Key pressed, stopping explore.
You can't see any susceptible monsters within range! (Use Z to cast anyway.)
You can't see any susceptible monsters within range! (Use Z to cast anyway.) Key pressed, stopping explore.
i - a scroll labelled EPNEAZXITUA You can't see any susceptible monsters within range! (Use Z to cast anyway.) As you open the door, it creaks loudly!
Found a ring mail.
Found a faded altar of an unknown god.
You can't see any susceptible monsters within range! (Use Z to cast anyway.)
There is an open door here.
You now have 41 gold pieces (gained 1).
Key pressed, stopping explore.
You can't see any susceptible monsters within range! (Use Z to cast anyway.) Key pressed, stopping explore.
You can't see any susceptible monsters within range! (Use Z to cast anyway.) Done exploring.
You can't see any susceptible monsters within range! (Use Z to cast anyway.) Done exploring.
You can't see any susceptible monsters within range! (Use Z to cast anyway.) Done exploring.
You can't see any susceptible monsters within range! (Use Z to cast anyway.) Done exploring.
Done exploring.
Done exploring.
You can't see any susceptible monsters within range! (Use Z to cast anyway.) Are you sure you want to abandon this character and quit the game? (Confirm with "yes".)

...###P~~~~~~~≈≈≈~≈~~~♣.#
......♣~~~~~P~≈~≈~~~~...#
........................#
......♣~~≈~≈≈≈~~~~~~~.♣##
.....♣~~≈≈≈≈≈~~P~~~~~.~~#
.####~~~~~≈≈≈~♣♣♣~~~~.~♣♣
.....PP~~~≈≈♣♣♣ ♣♣~P~.~~♣
#####♣~~~~~~♣ ♣♣♣~~~.~P♣ #
#♣~~~~~~♣ #@♣~≈~.~≈♣
#####.~~~♣♣♣♣ ##~~≈~.~~♣
..#....♣~♣..# ##♣~~.~♣♣#
..#.###.♣...# ♣P~.P♣~#
....#...##..# ##♣~~.~♣~#
....#.####..# #P~~~.P♣P##
.....P~P....# #♣~~~.~~~~#
....PP~PP..######♣~~~.~PP♣#
..~PP~~~P......#.♣~~P.~~~~#


There were no monsters in sight!

Vanquished Creatures
  A dart slug (D:1)
  4 ball pythons (D:1)
  2 endoplasms (D:1)
  A goblin (D:1)
  3 hobgoblins (D:1)
  3 kobolds (D:1)
  2 quokkas (D:1)
  A bat (D:1)
  A frilled lizard (D:1)
  3 rats (D:1)
21 creatures vanquished.

Notes
Turn   | Place    | Note
-------+----------+-------------------------------------------
     0 | D:1      | hikkokomori the Octopode Conjurer began the quest for the
                  | Orb.
     0 | D:1      | Reached XP level 1. HP: 11/11 MP: 3/3
   369 | D:1      | Reached XP level 2. HP: 17/17 MP: 3/5
   861 | D:1      | Reached XP level 3. HP: 21/21 MP: 1/6
  1068 | D:1      | Found a faded altar of an unknown god.
  1152 | D:1      | Quit the game

Illustrated notes

Levels and vault maps discovered:
D:1:      amcnicky_arrival_feature_with_door, layout_basic, serial_bayou,
          serial_bayou_lagoon_b, serial_bayou_pond_d, serial_bayou_lagoon_a,
          serial_bayou_pond_c, hellmonk_ecumenical_altar_inner_sanctum,
          minmay_close_crescents

Action                   || total
-------------------------++-------
Melee: Unarmed           ||     2
       Constrict         ||     1
 Cast: Magic Dart        ||    40
Dodge: Dodged            ||     2
